Map: Zen LE

Players

LowLinK - Winner!

  • Race: Protoss Protoss
  • League: Platinum
  • Spawn Location: 7:00

Decarkain

  • Race: Protoss Protoss
  • Spawn Location: 1:00

VOD

Have the link to the VOD?

Description

Time

  • Played on: Feb. 15, 2020, 1:27 p.m.
  • Length: 5:48
Show
View Real Time Build Order
Export as new Build Order

LowLinK Protoss - Winner!

Build Orders:  

Get SALT Encoding   

  12  0:01  Probe  
  13  0:13  Probe  
  14  0:17  Pylon  
  14  0:25  Probe  
  15  0:36  Gateway  
  15  0:37  Probe (Chrono Boost)  
  16  0:47  Assimilator  
  16  0:48  Probe (Chrono Boost)  
  17  0:53  Probe (Chrono Boost)  
  17  0:56  Assimilator  
  18  1:03  Probe  
  19  1:15  Probe  
  20  1:20  Pylon  
  20  1:23  Cybernetics Core  
  20  1:30  Probe  
  22  1:47  Probe  
  22  1:55  Warp Gate (Chrono Boost)  
  22  1:56  Pylon  
  22  1:59  Probe  
  23  2:08  Stalker  
  25  2:15  Gateway  
  25  2:21  Gateway  
  25  2:23  Gateway  
  25  2:27  Gateway  
  25  2:39  Pylon  
  25  3:10  Sentry (Chrono Boost)  
  25  3:29  Stalker x4  
  33  3:39  Stalker  
  35  3:56  Stalker x2  
  35  3:57  Stalker x2  
  38  4:14  Stalker  
  36  4:37  Stalker x4  
  30  5:02  Stalker x3  
  32  5:26  Stalker x2  
  32  5:27  Stalker  
Show
View Real Time Build Order
Export as new Build Order

Decarkain Protoss 

Build Orders:  

Get SALT Encoding   

  12  0:01  Probe  
  13  0:15  Pylon  
  13  0:17  Probe  
  14  0:29  Probe (Chrono Boost)  
  14  0:33  Gateway  
  15  0:39  Probe (Chrono Boost)  
  16  0:44  Probe (Chrono Boost)  
  16  0:49  Assimilator  
  17  0:56  Probe  
  18  0:57  Assimilator  
  18  1:08  Probe  
  19  1:13  Gateway  
  19  1:20  Probe  
  19  1:24  Cybernetics Core  
  20  1:32  Probe  
  21  1:44  Probe  
  22  1:48  Pylon  
  22  1:56  Probe  
  23  2:03  Stalker (Chrono Boost)  
  23  2:04  Warp Gate, Stalker (Chrono Boost)  
  27  2:16  Probe  
  28  2:37  Nexus  
  28  2:39  Pylon  
  28  2:41  Sentry  
  30  2:51  Probe  
  31  2:59  Robotics Facility  
  31  3:00  Stalker  
  33  3:10  Probe  
  34  3:13  Stalker  
  36  3:24  Pylon  
  36  3:33  Probe  
  37  3:43  Shield Battery  
  37  3:45  Shield Battery  
  37  3:47  Shield Battery  
  37  3:55  Pylon, Stalker  
  36  4:11  Stalker  
  36  4:14  Probe x2  
  37  4:26  Probe x2  
  37  4:27  Immortal (Chrono Boost)  
  38  4:42  Stalker  
  22  5:07  Sentry  
  22  5:10  Sentry  
  17  5:30  Stalker  
Tags
 
League
Platinum
Matchup
PvP
Spawn Locations
Cross Positions
Add a new tag
Caveats
  • Supply blocks, unpowered buildings, or Contaminate may cause inaccurate times.
  • Supply counts are checked every 10 seconds.